 Dungeon Crawl Stone Soup version 0.29-a0-275-g389c0b56f3 (webtiles) character file.

Game seed: 10259564780098459820

4 sanka the Ducker (level 1, 23/23 HPs)
             Began as a Gnoll Monk on Mar 11, 2022.
             Was a Priest of Lugonu.
             Quit the game on level 1 of the Dungeon.
             The game lasted 00:00:20 (122 turns).

sanka the Ducker (Gnoll Monk)                        Turns: 122, Time: 00:00:21

Health: 23/23      AC:  2    Str: 10    XL:     1   Next: 70%
Magic:  1/1        EV: 14    Int:  9    God:    Lugonu [***...]
Gold:   0          SH:  0    Dex: 14    Spells: 0/0 levels left

rFire   . . .      SeeInvis .   a - +0 hand axe
rCold   . . .      Faith    .   (no shield)
rNeg    . . .      Spirit   .   b - +0 robe
rPois   .          Reflect  .   (no helmet)
rElec   .          Harm     .   (no cloak)
rCorr   .          Rampage  .   (no gloves)
Will    .....                   (no boots)
Stlth   +++.......              e - amulet of magic regeneration
HPRegen 0.07/turn               (no ring)
MPRegen 0.47/turn               (no ring)

@: no status effects
A: fangs 1, strong nose, distributed training
a: Renounce Religion, Depart the Abyss, Bend Space, Banish


You were on level 1 of the Dungeon.
You worshipped Lugonu.
Lugonu was most pleased with you.
You visited 1 branch of the dungeon, and saw 1 of its levels.


Innate Abilities, Weirdness & Mutations

You have very sharp teeth.
Your uncanny sense of smell can sniff out nearby items.
Your experience applies equally to all skills.


   Skills:
 + Level 6.4 Fighting
 + Level 0.1 Short Blades
 + Level 0.1 Long Blades
 + Level 6.4 Axes
 + Level 0.1 Maces & Flails
 + Level 0.1 Polearms
 + Level 0.1 Staves
 + Level 0.1 Slings
 + Level 0.1 Bows
 + Level 0.1 Crossbows
 + Level 0.1 Throwing
 + Level 0.1 Armour
 + Level 6.4 Dodging
 + Level 4.0 Stealth
 + Level 0.1 Shields
 + Level 0.1 Unarmed Combat
 + Level 0.1 Spellcasting
 + Level 0.1 Conjurations
 + Level 0.1 Hexes
 + Level 0.1 Summonings
 + Level 0.1 Necromancy
 + Level 0.1 Translocations
 + Level 0.1 Transmutations
 + Level 0.1 Fire Magic
 + Level 0.1 Ice Magic
 + Level 0.1 Air Magic
 + Level 0.1 Earth Magic
 + Level 0.1 Poison Magic
 + Level 0.2 Invocations
 + Level 0.1 Evocations


You couldn't memorise any spells.
You didn't know any spells.
Your spell library contained the following spells:

 Spells                   Type           Power      Damage    Failure   Level
 Portal Projectile        Hex/Tloc       0%         N/A       75%         3
 Blade Hands              Tmut           0%         N/A       100%        5
 Excruciating Wounds      Necr           0%         N/A       100%        5

Inventory:

Hand Weapons
 a - a +0 hand axe (weapon)
Armour
 b - a +0 robe (worn)
Jewellery
 e - an amulet of magic regeneration (around neck)
Scrolls
 d - a scroll of teleportation {unknown}
Potions
 c - a potion of ambrosia

Dungeon Overview and Level Annotations

Branches:
Dungeon (1/15)

Altars:
Lugonu

..
▒▒▒▒▒▒...▒.▒▒▒
▒.............
▒..▒.........▒
.. ▒▒▒.▒▒▒.▒▒▒
▒.........▒
▒.▒†▒P▒P▒.▒
▒......P..▒
▒▒▒.▒▒▒f▒▒▒
▒..P.g...P▒
▒▒▒.▒▒▒P▒▒▒
.... .. ▒.▒P▒
P▒ ▒..P. ▒ ▒
▒.▒ ... ∆ ..


There were no monsters in sight!


Message History

Found 15 stones.
d - a scroll labelled USADOO PEKOTWA
Found a leather armour.
You pick up a book of Weapons and begin reading...
You add the spells Portal Projectile, Excruciating Wounds and Blade Hands to your library.
You see here a +0 leather armour.
Found a dented bronze amulet.
e - an amulet of magic regeneration You finish putting on your amulet of magic regeneration.
e - an amulet of magic regeneration (around neck)
A ball python comes into view.
A ball python is nearby!
The ball python hisses angrily.
The ball python misses you. The ball python grabs you.
The ball python constricts you.
You slash the ball python!
You kill the ball python!
No target in view!
No target in view!
You see here a ball python corpse.
Found a faded altar of an unknown god.
There is a faded altar of an unknown god here.
You cannot tell which god this altar belongs to.
Convert to them anyway?
Lugonu accepts your prayer! Lugonu welcomes you!
You can now depart the Abyss.
You can now bend space around yourself.
You can now banish your foes.
Are you sure you want to abandon this character and quit the game? (Confirm with "yes".)

Action                   || total
-------------------------++-------
Melee: Hand axe          ||     8
 Stab: Sleeping          ||     3
Dodge: Dodged            ||     4

Levels and vault maps discovered:
D:1:      kennysheep_arrival_forest, layout_loops_ring,
          shapermc_ecumenical_altar_mp_urbaneastern

Notes
Turn   | Place    | Note
-------+----------+-------------------------------------------
     0 | D:1      | sanka the Gnoll Monk began the quest for the Orb.
     0 | D:1      | Reached XP level 1. HP: 23/23 MP: 1/1
   118 | D:1      | Found a faded altar of an unknown god.
   121 | D:1      | Prayed at the altar of an unknown god.
   121 | D:1      | Became a worshipper of Lugonu the Unformed
   121 | D:1      | Reached * piety under Lugonu
   121 | D:1      | Reached ** piety under Lugonu
   121 | D:1      | Reached *** piety under Lugonu
   122 | D:1      | Quit the game

Vanquished Creatures
  2 hobgoblins (D:1)
  A quokka (D:1)
  A ball python (D:1)
4 creatures vanquished.
